 Dungeon Crawl Stone Soup version 0.27-a0-1438-g9b7c6745da (webtiles) character file.

Game seed: 10675044603994657090

112 Delamore the Skirmisher (level 5, 0/43 HPs)
             Began as a Formicid Fighter on July 4, 2021.
             Succumbed to a scorpion's poison
             ... on level 3 of the Dungeon.
             The game lasted 00:02:51 (2276 turns).

Delamore the Skirmisher (Formicid Fighter)          Turns: 2276, Time: 00:02:51

Health: 0/43       AC:  8    Str: 22    XL:     5   Next: 16%
Magic:  5/5        EV:  8    Int: 13    God:
Gold:   156        SH: 15    Dex: 10    Spells: 4/4 levels left

rFire    . . .     SeeInvis +   a - +1 quarterstaff
rCold    . . .     Faith    .   c - +1 kite shield
rNeg     . . .     Spirit   .   h - +0 ring mail {Will+}
rPois    .         Reflect  +   (helmet unavailable)
rElec    .         Harm     .   k - +0 cloak
rCorr    .         Rampage  .   s - +0 pair of gloves
Will     +....                  (no boots)
Stlth    ..........             j - amulet of reflection
HPRegen  0.14/turn              i - +6 ring of intelligence
MPRegen  0.09/turn              (no ring)

@: lethally poisoned (0 -> -7)
A: permanent stasis, dig shafts and tunnels, antennae 3, four strong arms,
mutation resistance 1
a: Dig, Shaft Self


You were on level 3 of the Dungeon.
You visited 1 branch of the dungeon, and saw 4 of its levels.

You collected 156 gold pieces.

Inventory:

Hand Weapons
 a - a +1 quarterstaff (weapon)
Missiles
 g - 16 poisoned darts
Armour
 b - a +0 scale mail
 c - a +1 kite shield (worn)
 h - a +0 ring mail of willpower (worn)
 k - a +0 cloak (worn)
 s - a +0 pair of gloves (worn)
Jewellery
 i - a +6 ring of intelligence (left hand)
 j - an amulet of reflection (around neck)
Scrolls
 m - 2 scrolls of enchant armour
 q - a scroll of identify
Potions
 d - a potion of might
 e - a potion of ambrosia
 f - a potion of degeneration
 l - a potion of berserk rage
 n - a potion of invisibility {unknown}
 o - a potion of brilliance {unknown}
 p - a potion of curing {unknown}


   Skills:
 + Level 4.3 Fighting
 * Level 4.2 Staves
 - Level 3.2 Armour
 - Level 3.6 Shields


You had 4 spell levels left.
You didn't know any spells.
Your spell library contained the following spells:

 Spells                   Type           Power      Damage    Failure   Level
 Animate Skeleton         Necr           0%         N/A       83%         1
 Apportation              Tloc           0%         N/A       83%         1
 Pain                     Necr           0%         1d4       83%         1
 Sublimation of Blood     Necr           0%         N/A       93%         2
 Vampiric Draining        Necr           0%         2d6       99%         3
 Petrify                  Tmut/Erth      0%         N/A       100%        4
 Agony                    Necr           0%         N/A       100%        5
 Alistair's Intoxication  Tmut/Pois      0%         N/A       100%        5
 Excruciating Wounds      Necr           0%         N/A       100%        5
 Irradiate                Conj/Tmut      0%         3d14      100%        5
 Invisibility             Hex            0%         N/A       100%        6


Dungeon Overview and Level Annotations

Branches:
Dungeon (4/15)
 Temple: D:4-7

Altars:
Makhleb
Uskayaw

Shops:
D:1 :   D:4 [


Innate Abilities, Weirdness & Mutations

You cannot be hasted, slowed, berserked, paralysed or teleported.
You can dig through walls and to a lower floor.
You have a pair of large antennae on your head. (SInv)
Your four strong arms can wield two-handed weapons with a shield.
You are somewhat resistant to further mutation.


Message History

You closely miss the hound.
The hound is heavily wounded.
You feel sick. The hound completely misses you.
You block the scorpion's attack. You block the hound's attack.
The scorpion stings you but does no damage.
You sock the hound!
You kill the hound!
You feel sick. You block the scorpion's attack. The ogre closely misses you.
Your Staves skill increases to level 4!
You have reached level 5!
You feel sick.
You feel sick. You block the scorpion's attack.
You feel sick.
You feel sick.
You feel sick.
You are no longer poisoned.
You block the scorpion's attack. You block the scorpion's attack.
The scorpion stings you but does no damage.
You see here a +3 leather armour.
The scorpion stings you.
You are poisoned.
The scorpion poisons you!
You feel very sick.
You feel very sick.
You see here 14 stones.
You feel sick.
You feel sick.
You feel sick.
You feel sick. The scorpion stings you.
* * * LOW HITPOINT WARNING * * *
You are lethally poisoned!
The scorpion poisons you!
* * * LOW HITPOINT WARNING * * *
You feel very sick.
There is a stone staircase leading up here.
* * * LOW HITPOINT WARNING * * *
You feel sick. You block the scorpion's attack.
You climb upwards.
You die...

...............#+##.## #.......
.....................#####.......
..#..............._........##.###
..#.#########.....8........##+#
..#.##########.#.._........#
###.......#....#...........#
.......##.#................#
.......##.#.....s#.........#
.......##+#.....@#.........#
...............###...<.....+ {
......).......## #.........#
..............# ####......#
........#############......#
.......##.( #............#
.......#..?. ####..........#
.......#...$.#..#..........######
....#..#...!.')†'................


You could see a scorpion.

Vanquished Creatures
  A hound (D:4)
  An adder (D:2)
  An adder skeleton (D:4)
  A worm (D:2)
  A dart slug (D:4)
  An orc (D:3)
  5 endoplasms
  5 giant cockroaches
  8 goblins
  7 hobgoblins
  6 kobolds
  7 ball pythons
  6 bats
  4 frilled lizards
  6 rats
60 creatures vanquished.

Notes
Turn   | Place    | Note
-------+----------+-------------------------------------------
     0 | D:1      | Delamore the Formicid Fighter began the quest for the Orb.
     0 | D:1      | Reached XP level 1. HP: 18/18 MP: 1/1
   165 | D:1      | Reached XP level 2. HP: 12/24 MP: 2/2
   477 | D:1      | Reached XP level 3. HP: 24/30 MP: 3/3
   752 | D:1      | Found Yruddagu's Book Shoppe.
   868 | D:2      | Found a faded altar of an unknown god.
  1225 | D:2      | Reached XP level 4. HP: 34/37 MP: 4/4
  1543 | D:3      | Found a hide-covered altar of Uskayaw.
  1543 | D:3      | Found a burning altar of Makhleb.
  1879 | D:3      | Gained mutation: You are somewhat resistant to further
                  | mutation. [potion of mutation]
  1882 | D:3      | You fall into a shaft and drop 1 floor!
  2161 | D:4      | Found Meshoino's Armour Shop.
  2233 | D:4      | Noticed a scorpion
  2233 | D:4      | Noticed an ogre
  2241 | D:4      | Reached XP level 5. HP: 26/43 MP: 5/5
  2275 | D:4      | HP: 2/43 [poisoned by a scorpion]
  2276 | D:3      | Succumbed to a scorpion's poison

Illustrated notes

Levels and vault maps discovered:
D:1:      lemuel_arrival_broad_hall, layout_loops_ring, serial_shops,
          nicolae_shop_window_shopping
D:2:      layout_rooms, ebering_ecumenical_altar_webs, mrwooster_statue_mirror
D:3:      layout_basic, chequers_temple_overflow_statue_of_worship,
          minivault_14, minmay_goblin_kobold_house
D:4:      layout_loops_ring, serial_shops, nicolae_shop_behind_doors,
          grunt_ministairs_12, chequers_serial_rivers_micro_c

Skill      XL: |  1  2  3  4 |
---------------+-------------+-----
Staves         | 3 4 |  4.2
Fighting       | 4 |  4.3
Armour         | |  3.2
Shields        | |  3.6

Action                   |  1- 3 |  4- 6 || total
-------------------------+-------+-------++-------
Melee: Quarterstaff      |   108 |    58 ||   166
  Use: Scroll            |     4 |     6 ||    10
       Potion            |       |     1 ||     1
Armor: Scale mail        |    17 |       ||    17
       Ring mail         |    34 |    13 ||    47
Dodge: Dodged            |    45 |    14 ||    59
Block: Kite shield       |    88 |    55 ||   143
       Reflection        |       |     2 ||     2

Table legend: (Time is in decaauts)
 A = Elapsed time spent in this place.
 B = Non-inter-level travel time spent in this place.
 C = Inter-level travel time spent in this place.
 D = Time resting spent in this place.
 E = Time spent auto-exploring this place.
 F = Levels seen in this place.
 G = Mean time per level.
                   A        B        C        D        E       F      G
               +--------+--------+--------+--------+--------+-----+--------+
         Total |   2333 |   2279 |     54 |      0 |   1750 |   4 |  583.2 |
       Dungeon |   2333 |   2279 |     54 |      0 |   1750 |   4 |  583.2 |
               +--------+--------+--------+--------+--------+-----+--------+

Top non-repeatable levels by time:
     D:1: 887 daAuts
     D:2: 543 daAuts
     D:3: 502 daAuts
     D:4: 400 daAuts
